 Dungeon Crawl Stone Soup version 0.29.1-15-g9cfb28693d (webtiles) character file.

Game seed: 5809107604393752453

56 booth the Chopper (level 3, -2/28 HPs)
             Began as a Demonspawn Gladiator on Apr 15, 2023.
             Slain by Robin
             ... wielding a +2 dagger of venom
              (5 damage)
             ... on level 2 of the Dungeon.
             The game lasted 00:05:13 (1284 turns).

booth the Chopper (Demonspawn Gladiator)            Turns: 1284, Time: 00:05:13

Health: -2/28      AC:  8    Str: 16    XL:     3   Next: 71%
Magic:  3/3        EV: 13    Int:  9    God:
Gold:   72         SH:  0    Dex: 14    Spells: 2/2 levels left

rFire   + . .      SeeInvis .   a - +1 war axe
rCold   + . .      Faith    .   (no shield)
rNeg    . . .      Spirit   .   l - +2 robe {rC+}
rPois   .          Reflect  .   c - +0 helmet
rElec   .          Harm     .   (no cloak)
rCorr   .          Rampage  .   n - +0 pair of gloves
Will    .....                   (no boots)
Stlth   +.........              (no amulet)
HPRegen 0.09/turn               h - ring of protection from fire
MPRegen 0.08/turn               (no ring)

@: mighty, brilliant
A: claws 1, molten scales 1
a: no special abilities


You were on level 2 of the Dungeon.
You visited 1 branch of the dungeon, and saw 2 of its levels.

You collected 72 gold pieces.

Inventory:

Hand Weapons
 a - a +1 war axe (weapon)
 o - a +0 quarterstaff
Missiles
 d - 3 throwing nets (quivered)
 e - a javelin
Armour
 b - a +0 leather armour
 c - a +0 helmet (worn)
 l - a +2 robe of cold resistance (worn)
 n - a +0 pair of gloves (worn)
Jewellery
 h - a ring of protection from fire (left hand)
Scrolls
 i - a scroll of teleportation {unknown}
 j - a scroll of enchant armour {unknown}


   Skills:
 + Level 2.5 Fighting
 * Level 3.4 Axes
 + Level 2.2 Throwing
 + Level 3.0 Dodging


You had 2 spell levels left.
You didn't know any spells.
Your spell library contained the following spells:

 Spells                   Type           Power      Damage    Failure   Level
 Dazzling Flash           Conj/Hex       0%         N/A       77%         3
 Agony                    Necr           0%         N/A       100%        5
 Silence                  Hex/Air        0%         N/A       100%        5


Dungeon Overview and Level Annotations

Branches:
Dungeon (2/15)

Altars:

Annotations:
D:2 Robin


Innate Abilities, Weirdness & Mutations

You have sharp fingernails.
You are partially covered in molten scales. (AC +2)


Message History

Robin roars a battlecry!
The goblins go into a battle-frenzy!
A goblin comes into view. It is wielding a +0 club.
The goblin closely misses you. The goblin hits you but does no damage.
The goblin moves out of view.
You hit the goblin.
The goblin is heavily wounded.
You barely miss the goblin. The goblin misses you.
The goblin closely misses you.
You closely miss the goblin.
The goblin is heavily wounded.
You barely miss the goblin.
Your hearing returns.
The goblin closely misses you. x2
You hit the goblin.
The goblin is severely wounded.
You barely miss the goblin. The goblin hits you but does no damage.
The goblin hits you with a +0 dagger.
Robin roars a battlecry!
The goblin hits you but does no damage. The goblin hits you with a +0 dagger.
* * * LOW HITPOINT WARNING * * *
It was a potion of brilliance.
You feel clever all of a sudden. The goblin barely misses you. x2
You slash the goblin!
You kill the goblin!
You hit the goblin but do no damage. The goblin closely misses you.
You barely miss Robin. You hit the goblin.
You kill the goblin!
The hobgoblin no longer looks unusually strong.
Robin throws the goblin at you! The goblin hits you with a +0 club.
* * * LOW HITPOINT WARNING * * *
The goblin hits you with a +0 club.
* * * LOW HITPOINT WARNING * * *
Robin hits you but does no damage.
It was a potion of might.
You feel very mighty all of a sudden. The goblin closely misses you.
Robin hits you with a +2 dagger of venom.
You die...

#.
.#
.#.
...
#?#
#.#
#<#
#.#
#g#
#@#
#g#


gg# .g## .#. .<#. ## #. .. You could see Robin, 2 hobgoblins and 2 goblins.

Vanquished Creatures
  A gnoll (D:1)
  An adder (D:2)
  A dart slug (D:1)
  3 bats
  2 endoplasms
  A giant cockroach (D:1)
  8 goblins
  3 hobgoblins
  4 quokkas
  2 ball pythons (D:1)
  3 frilled lizards
  2 kobolds
  3 rats (D:1)
34 creatures vanquished.

Notes
Turn   | Place    | Note
-------+----------+-------------------------------------------
     0 | D:1      | booth the Demonspawn Gladiator began the quest for the Orb.
     0 | D:1      | Reached XP level 1. HP: 16/16 MP: 1/1
   508 | D:1      | Gained mutation: You are partially covered in molten
                  | scales. (AC +2) [demonic ancestry]
   508 | D:1      | Reached XP level 2. HP: 22/22 MP: 2/2
   641 | D:1      | Gained mutation: You have sharp fingernails. [demonic
                  | ancestry]
   641 | D:1      | Reached XP level 3. HP: 13/28 MP: 3/3
  1085 | D:1      | You fall into a shaft and drop 1 floor!
  1264 | D:2      | Noticed Robin
  1284 | D:2      | Slain by Robin

Illustrated notes

Levels and vault maps discovered:
D:1:      lemuel_arrival_cross, layout_basic
D:2:      layout_rooms, serial_shops, nicolae_shop_waterfront, minivault_11,
          uniq_robin

Skill      XL: |  1  2  3 |
---------------+----------+-----
Axes           | 3 |  3.4
Throwing       | 2 |  2.2
Dodging        | 3 |  3.0
Fighting       | |  2.5

Action                   || total
-------------------------++-------
Melee: War axe           ||    79
       Punch             ||     3
  Use: Scroll            ||     2
       Potion            ||     2
Armor: Leather armour    ||    11
       Robe              ||    27
Dodge: Dodged            ||    66
